Map: Catalyst LE

Players

Jardozer

  • Race: Zerg Zerg
  • League: Grandmaster
  • Spawn Location: 5:00

Jason - Winner!

  • Race: Terran Terran
  • League: Grandmaster
  • Spawn Location: 11:00

VOD

Have the link to the VOD?

Description

http://sc2replaystats.com/replay/8130330

Time

  • Played on: Aug. 11, 2018, 7:38 p.m.
  • Length: 16:03
Show
View Real Time Build Order
Export as new Build Order

Jardozer Zerg 

Build Orders: Hatch First 

Get SALT Encoding   

  12  0:02  Drone  
  13  0:13  Overlord  
  13  0:18  Drone  
  14  0:31  Drone x2  
  16  0:36  Drone  
  17  0:54  Hatchery  
  16  0:58  Drone  
  16  0:59  Drone  
  18  1:12  Extractor  
  18  1:15  Spawning Pool  
  18  1:18  Drone  
  17  1:20  Drone  
  18  1:28  Drone  
  19  1:39  Overlord  
  19  2:01  Queen  
  19  2:02  Zergling x4  
  19  2:05  Queen  
  19  2:06  Zergling x2  
  26  2:24  Metabolic Boost  
  26  2:25  Hatchery  
  26  2:28  Drone  
  26  2:33  Drone  
  27  2:40  Drone x2  
  29  2:50  Drone  
  30  2:53  Drone  
  30  2:54  Drone  
  30  2:55  Queen  
  33  3:01  Overlord  
  33  3:05  Overlord  
  33  3:13  Drone x2  
  35  3:21  Drone  
  35  3:22  Drone x2  
  35  3:24  Drone x2  
  40  3:29  Drone  
  40  3:30  Queen  
  43  3:37  Queen  
  43  3:41  Zergling x4  
  47  3:45  Zergling x4  
  49  3:50  Queen  
  51  3:59  Drone x4  
  51  4:01  Overlord  
  55  4:13  Spore Crawler  
  55  4:16  Drone x3  
  55  4:17  Spore Crawler, Drone  
  56  4:20  Drone x3  
  56  4:21  Drone  
  61  4:26  Overlord  
  61  4:29  Drone x2  
  63  4:37  Zergling x2  
  63  4:38  Zergling x2  
  65  4:39  Baneling Nest  
  65  4:44  Overlord  
  64  4:46  Zergling x8  
  64  5:04  Drone x3  
  64  5:05  Drone x7  
  70  5:10  Drone  
  70  5:14  Drone x2  
  68  5:22  Drone  
  65  5:28  Evolution Chamber x2  
  65  5:30  Zergling x4  
  65  5:32  Lair  
  65  5:33  Extractor  
  64  5:38  Extractor  
  64  5:39  Extractor  
  62  5:49  Drone  
  63  5:50  Drone x7  
  63  5:51  Drone  
  63  5:55  Zerg Melee Weapons Level 1  
  63  5:56  Zerg Ground Armor Level 1  
  71  6:00  Drone x3  
  74  6:06  Overlord  
  74  6:07  Overlord  
  74  6:13  Drone x3  
  77  6:26  Zergling x10  
  77  6:29  Centrifical Hooks, Hatchery  
  77  6:32  Zergling x6  
  84  6:39  Zergling x2  
  85  6:42  Zergling x4  
  85  6:45  Extractor, Drone  
  85  6:47  Drone x3  
  88  6:50  Drone  
  88  6:52  Hatchery  
  90  6:58  Zergling x12  
  96  7:03  Baneling x8  
  96  7:04  Baneling x3  
  96  7:10  Overlord x3  
  96  7:15  Overlord x2  
  96  7:21  Hydralisk Den  
  94  7:32  Drone  
  94  7:34  Zergling x2  
  94  7:35  Zergling x16  
  99  7:45  Drone x4  
  99  7:46  Drone x6  
  99  7:51  Zerg Ground Armor Level 2, Zerg Melee Weapons Level 2  
  109  7:53  Grooved Spines  
  109  8:04  Baneling x3  
  109  8:05  Baneling x6  
  109  8:12  Zergling x2  
  98  8:13  Zergling x24  
  98  8:18  Extractor  
  109  8:22  Drone  
  109  8:23  Drone x2  
  112  8:29  Extractor, Drone  
  112  8:30  Drone x3  
  112  8:32  Hydralisk  
  112  8:33  Hydralisk x3  
  123  8:40  Zergling x16  
  131  8:50  Overlord x2  
  131  8:53  Drone  
  131  8:54  Drone  
  131  8:55  Infestation Pit  
  132  8:57  Hydralisk x2  
  132  8:58  Hydralisk x3  
  142  9:04  Muscular Augments  
  141  9:15  Zergling x30  
  141  9:16  Zergling x2  
  137  9:39  Burrow, Hydralisk, Hive  
  137  9:40  Hydralisk x9  
  137  9:43  Overlord x3  
  157  9:49  Zergling x2  
  158  9:58  Baneling  
  158  9:59  Baneling x15  
  158  10:02  Hatchery  
  157  10:08  Zergling x20  
  157  10:11  Zerg Missile Weapons Level 1  
  167  10:21  Overlord  
  162  10:37  Hydralisk  
  162  10:38  Hydralisk x8  
  174  10:56  Zergling x26  
  174  10:57  Zergling x6  
  184  11:18  Hydralisk  
  184  11:19  Hydralisk x5  
  184  11:21  Overlord x2  
  184  11:24  Hydralisk Den  
  195  11:29  Overlord x2  
  195  11:30  Overlord  
  194  11:51  Viper x2  
  194  11:53  Zerg Ground Armor Level 3  
  200  11:57  Spire  
  200  12:00  Ultralisk Cavern  
  196  12:05  Zerg Melee Weapons Level 3  
  194  12:15  Baneling x19  
  192  12:16  Baneling x7  
  190  12:37  Zergling x2  
  190  12:38  Zergling x22  
  196  12:53  Adrenal Glands  
  196  12:54  Chitinous Plating  
  147  13:20  Zergling x18  
  147  13:21  Zergling x22  
  134  13:34  Hydralisk x5  
  134  13:35  Hydralisk x4  
  134  13:39  Zergling x2  
  145  13:45  Ultralisk x4  
  161  13:57  Baneling x7  
  161  13:58  Baneling x6  
  161  14:00  Queen  
  161  14:01  Extractor, Drone x3  
  165  14:04  Extractor, Drone  
  165  14:05  Extractor, Drone x5  
  165  14:07  Corruptor x2  
  173  14:12  Zergling x6  
  176  14:26  Corruptor x3  
  180  14:42  Zergling x20  
  180  14:43  Zergling x14  
  174  14:51  Viper x2  
  176  15:12  Zergling x20  
  176  15:13  Zergling x14  
  160  15:17  Hydralisk x2  
  160  15:18  Hydralisk  
  170  15:34  Zergling x16  
Show
View Real Time Build Order
Export as new Build Order

Jason Terran - Winner!

Build Orders: Liberator Opening, Reaper Expand, Bio Tank 

Get SALT Encoding   

  12  0:01  SCV  
  13  0:13  SCV  
  14  0:19  Supply Depot  
  14  0:25  SCV  
  15  0:40  SCV  
  16  0:43  Barracks  
  16  0:46  Refinery  
  16  0:52  SCV  
  17  1:04  SCV  
  18  1:16  SCV  
  19  1:31  Reaper  
  21  1:33  Orbital Command  
  20  1:44  Command Center  
  20  1:59  SCV  
  20  2:00  Supply Depot  
  21  2:05  Marine  
  22  2:11  SCV  
  22  2:14  Factory  
  23  2:23  SCV  
  23  2:27  Barracks Reactor  
  23  2:28  Refinery  
  24  2:37  SCV  
  25  2:49  SCV  
  26  2:56  Orbital Command  
  26  3:02  Starport  
  26  3:03  SCV  
  27  3:11  Hellion x2  
  31  3:16  Barracks Tech Lab  
  31  3:18  Supply Depot  
  31  3:21  SCV  
  31  3:22  SCV  
  33  3:31  Liberator  
  33  3:34  Hellion  
  33  3:35  Hellion  
  33  3:38  Marine  
  33  3:39  SCV x2  
  40  3:46  Supply Depot  
  43  3:51  SCV x2  
  45  3:56  Marine  
  46  4:03  SCV x2, Hellion x2  
  52  4:14  Command Center  
  52  4:15  SCV x2  
  52  4:16  Marine  
  55  4:27  SCV  
  55  4:28  SCV  
  57  4:35  Factory Tech Lab  
  57  4:36  Barracks  
  57  4:38  Marine  
  58  4:39  Starport Reactor, SCV  
  58  4:40  SCV, Barracks  
  60  4:46  Refinery  
  60  4:47  Refinery  
  60  4:51  SCV  
  60  4:52  SCV  
  62  5:01  Supply Depot  
  62  5:04  SCV, Marine  
  62  5:06  SCV  
  62  5:15  Engineering Bay  
  62  5:17  Engineering Bay  
  62  5:22  Siege Tank, SCV x2, Marine  
  62  5:24  Supply Depot, Barracks Reactor  
  62  5:28  Stimpack, Marine x2  
  65  5:32  Starport Reactor  
  65  5:34  SCV x2  
  69  5:35  Barracks  
  69  5:36  Barracks  
  69  5:40  Marine  
  69  5:42  Orbital Command  
  70  5:48  SCV  
  70  5:49  Terran Infantry Weapons Level 1, Terran Infantry Armor Level 1  
  73  5:57  Siege Tank  
  73  6:02  SCV x2  
  76  6:05  Supply Depot  
  76  6:06  Supply Depot, Marine x2  
  76  6:07  Barracks Reactor  
  76  6:08  Orbital Command  
  78  6:13  Medivac  
  78  6:14  SCV x2, Medivac  
  84  6:20  Marine  
  84  6:23  Marine x2  
  84  6:24  Barracks Reactor, Marine  
  88  6:26  SCV x2  
  88  6:32  Marine  
  91  6:38  SCV, Marine  
  91  6:39  SCV  
  94  6:40  Supply Depot, SCV, Marine  
  94  6:43  Supply Depot  
  96  6:49  Marine x4  
  96  6:51  Medivac x2  
  96  6:52  SCV x2  
  96  6:53  SCV  
  107  7:02  Siege Tank  
  107  7:04  SCV  
  107  7:05  SCV  
  112  7:09  SCV  
  112  7:10  Supply Depot  
  112  7:11  Armory, Supply Depot  
  112  7:12  Supply Depot x2  
  113  7:17  Supply Depot, Marine x3  
  113  7:18  Marine x2  
  113  7:19  SCV  
  113  7:20  SCV  
  120  7:29  Combat Shield  
  120  7:31  Marine x3  
  120  7:33  Medivac x2  
  120  7:35  Supply Depot  
  127  7:38  Supply Depot  
  127  7:39  Marine x2  
  127  7:42  SCV x2  
  117  7:45  Factory  
  117  7:48  Marine x2  
  117  7:50  Supply Depot  
  119  7:52  Siege Tank  
  119  7:54  SCV  
  119  7:55  Refinery  
  119  7:57  Refinery  
  123  8:01  Marine x5  
  123  8:03  SCV x2  
  116  8:13  Marine x4  
  116  8:14  Medivac  
  116  8:18  Marine x2  
  116  8:19  SCV x3, Marine  
  128  8:27  Command Center  
  128  8:30  Factory Tech Lab  
  128  8:31  Marine  
  128  8:32  Marine x4  
  133  8:36  Siege Tank  
  133  8:37  Marine x2  
  133  8:38  Marine  
  139  8:46  Terran Infantry Armor Level 2  
  139  8:48  Terran Infantry Weapons Level 2  
  139  8:52  Supply Depot, Marine x2  
  141  9:00  Marine  
  141  9:01  Marine x4  
  146  9:03  Siege Tank  
  146  9:04  Supply Depot  
  149  9:12  Marine x3  
  149  9:13  Siege Tank  
  155  9:21  Marine  
  155  9:22  Marine  
  154  9:27  Marine  
  154  9:28  Marine x2  
  139  9:33  Marine x3  
  139  9:34  Barracks x2  
  139  9:35  Siege Tank, Barracks  
  139  9:37  Bunker  
  145  9:42  Sensor Tower, Marine x3  
  148  9:57  Marine x5  
  153  10:01  Medivac x2  
  153  10:02  Planetary Fortress  
  153  10:06  Marine x2  
  153  10:07  Marine x2  
  155  10:08  Siege Tank  
  160  10:14  Marine x2  
  160  10:18  Siege Tank  
  165  10:26  Marauder, Barracks Tech Lab x2  
  167  10:34  Refinery, Barracks Tech Lab, Liberator x2  
  167  10:36  Refinery  
  167  10:38  Ghost Academy  
  167  10:40  Starport  
  167  10:41  Starport  
  167  10:47  Marauder  
  167  10:50  Marauder x2  
  167  10:53  Sensor Tower  
  167  10:54  Marauder  
  167  10:55  Marine x2  
  180  11:09  Marauder  
  182  11:11  Marauder x2, Command Center  
  186  11:19  Marauder  
  186  11:25  Marine  
  184  11:28  Marine x2  
  184  11:30  Marauder  
  188  11:33  Marauder, Marine x2  
  188  11:34  Marauder, Medivac x2  
  188  11:36  Starport Reactor, Starport Tech Lab  
  188  11:39  Fusion Core  
  198  11:45  Liberator  
  188  11:48  Marine  
  188  11:51  Marauder  
  188  11:52  Marauder  
  193  11:54  Liberator  
  191  12:04  Liberator  
  191  12:07  Terran Infantry Armor Level 3, Terran Infantry Weapons Level 3  
  194  12:15  Marauder, Marine  
  190  12:19  Marauder, Sensor Tower  
  190  12:22  Marine  
  190  12:23  Marauder x2, Marine x4  
  192  12:30  Orbital Command  
  192  12:34  Command Center  
  192  12:37  Marauder  
  193  12:47  Siege Tank  
  196  12:51  Marine  
  196  12:52  Marauder  
  199  13:02  Supply Depot  
  199  13:03  Supply Depot  
  199  13:11  Liberator x4  
  185  13:19  Marauder, Marine x3  
  164  13:20  Marauder x2, Marine x2  
  164  13:21  Marine x3  
  164  13:22  Marauder, Siege Tank x2  
  140  13:36  Marine  
  140  13:37  Marine x3  
  140  13:41  Marauder x2  
  139  13:42  Marine x2  
  139  13:43  Marauder, Marine  
  139  13:44  Marine x2  
  147  13:50  Command Center  
  147  13:52  Advanced Ballistics  
  147  13:54  Siege Tank x2, Marine  
  154  13:57  Liberator  
  154  13:58  Medivac  
  154  14:01  Marine x4  
  154  14:02  Marauder  
  162  14:04  SCV  
  162  14:05  SCV x2  
  162  14:06  Marine x2  
  167  14:11  Medivac  
  167  14:12  Marauder, Marine x2  
  176  14:26  Liberator  
  176  14:27  Liberator  
  173  14:37  Liberator x2  
  171  14:39  Liberator  
  171  14:41  Marine x2  
  171  14:42  Marauder  
  171  14:44  Marine x3  
  171  14:45  Marauder, Siege Tank  
  183  14:47  Marine x3  
  183  14:48  Marauder x2  
  189  14:59  Marine x2  
  161  15:16  Marauder, Marine x6  
  161  15:17  Marauder  
  161  15:24  Marine  
  161  15:26  Marauder, Marine x2, Medivac x2  
  170  15:33  Marine  
  170  15:34  Marine x2  
  171  15:38  Marauder x2  
Tags
 
Add a new tag
Caveats
  • Supply blocks, unpowered buildings, or Contaminate may cause inaccurate times.
  • Supply counts are checked every 10 seconds.